 Dungeon Crawl Stone Soup version 0.30-a0-1-g69b7b797bf (webtiles) character file.

Game seed: 15373588391368363458

30037 Kinoniko the Severer (level 13, -1/166 HPs)
             Began as a Demonspawn Berserker on Aug 19, 2022.
             Was a High Priest of Trog.
             Slain by Rupert
             ... wielding a +0 great sword of holy wrath
              (4 damage)
             ... on level 5 of the Lair of Beasts.
             The game lasted 00:15:49 (18025 turns).

Kinoniko the Severer (Demonspawn Berserker)        Turns: 18025, Time: 00:15:50

Health: -1/166     AC: 17    Str: 22    XL:     13   Next: 18%
Magic:  0/13       EV: 13    Int:  8    God:    Trog [*****.]
Gold:   869        SH:  5    Dex:  9    Spells: 12/12 levels left

rFire   . . .      SeeInvis .    F - +3 woodcutter's axe {vorpal}
rCold   + . .      Faith    .    (shield currently unavailable)
rNeg    . . .      Spirit   +    y - +5 chain mail "Gemuffa" {-Cast rElec Will++ Dex-5}
rPois   .          Reflect  +    r - +1 helmet
rElec   +          Harm     .    j - +1 cloak
rCorr   .          Rampage  .    (no gloves)
Will    ++...      NoCast   +    (no boots)
Stlth   ..........               N - amulet of reflection
HPRegen 0.37/turn                e - ring of protection from cold
MPRegen 0.26/turn                p - +4 ring of evasion

@: berserking, very quick
A: magic shield, magic regeneration, sturdy frame 2, weakness stinger 2
a: Renounce Religion, Berserk, Trog's Hand, Brothers in Arms


You were on level 5 of the Lair of Beasts.
You worshipped Trog.
Trog was extremely pleased with you.
You visited 2 branches of the dungeon, and saw 15 of its levels.
You also visited: Ossuary.

You collected 869 gold pieces.

Inventory:

Hand Weapons
 a - a +0 hand axe
 F - the +3 woodcutter's axe (weapon) {vorpal}
   (You found it on level 7 of the Dungeon)

   It inflicts extra damage upon your enemies.
 P - a +1 hand axe of electrocution
Missiles
 S - 5 throwing nets (quivered)
Armour
 b - a +0 animal skin
 j - a +1 cloak (worn)
 l - a +0 chain mail
 r - a +1 helmet (worn)
 y - the +5 chain mail "Gemuffa" (worn) {-Cast rElec Will++ Dex-5}
   (You found it on level 4 of the Dungeon)

   Dex:       It affects your dexterity (-5).
   rElec:     It insulates you from electricity.
   -Cast:     It prevents spellcasting.
   Will:      It greatly increases your willpower.
 G - a +0 buckler
Jewellery
 d - a ring of see invisible
 e - a ring of protection from cold (left hand)
 p - a +4 ring of evasion (right hand)
 x - an amulet of magic regeneration
 z - a +6 ring of strength
 C - a +6 ring of strength
 D - a ring of ice
 I - a ring of protection from cold
 K - a ring of protection from cold
 N - an amulet of reflection (around neck)
 O - a ring of flight
 V - a ring of resist corrosion
Wands
 o - a wand of quicksilver (10)
 E - a wand of flame (32)
 H - a wand of iceblast (25)
 Q - a wand of mindburst (20)
 R - a wand of paralysis (4)
Scrolls
 g - 3 scrolls of vulnerability
 k - 5 scrolls of teleportation
 m - 3 scrolls of summoning
 s - 3 scrolls of immolation
 B - 4 scrolls of fear
 T - a scroll of torment
 U - 3 scrolls of magic mapping
 W - 3 scrolls of identify
 X - a scroll of enchant armour
 Y - a scroll of brand weapon {unknown}
Potions
 c - a potion of attraction
 f - 4 potions of degeneration
 h - a potion of cancellation
 i - 3 potions of ambrosia
 n - 7 potions of heal wounds
 q - a potion of brilliance
 t - 2 potions of haste {unknown}
 u - 3 potions of lignification {unknown}
 v - 5 potions of flight
 w - a potion of magic {unknown}
 A - 3 potions of might {unknown}
 J - 2 potions of mutation {unknown}
 L - 3 potions of invisibility
 M - 3 potions of curing {unknown}


   Skills:
 * Level 13.5 Fighting
 * Level 16.7 Axes
 - Level 1.7 Armour
 - Level 1.7 Dodging
 - Level 2.5 Shields


You had 12 spell levels left.
You didn't know any spells.
Your spell library was empty.

Dungeon Overview and Level Annotations

Branches:
Dungeon (10/15)            Temple (0/1) D:4            Lair (5/5) D:10
 Shoals (0/4) Lair:3        Snake (0/4) Lair:3        Slime (0/5) Lair:4
    Orc (0/2) D:10        Ossuary (visited)

Altars:
Fedhas
Hepliaklqana
Makhleb
Qazlal
Sif Muna
Uskayaw
Vehumet
Xom
Yredelemnul
Jiyva

Annotations:
D:8 1 runed translucent door
Lair:5 Rupert


Innate Abilities, Weirdness & Mutations

When hurt, damage is shared between your health and your magic reserves.
You regenerate magic rapidly.
Your movements are less encumbered by armour. (ER -4)
You have a tail ending in a sharp stinger.


Message History

* * * LOW HITPOINT WARNING * * *
Rupert hits you with a +0 great sword of holy wrath!!
* * * LOW HITPOINT WARNING * * *
You convulse!
* * * LOW HITPOINT WARNING * * *
Unknown command.
Unknown command.
You barely miss Rupert.
Your tail-slap misses Rupert.
Rupert is heavily wounded.
You hack one of the eight-headed hydra's heads off!
The seven-headed hydra grows two more!
You slash the nine-headed hydra! You slash the blink frog!
You feel the power of Trog in you as your rage grows.
You kill the blink frog!
Trog accepts your kill.
You slash the yak! You slash the blink frog! The blink frog hits you.
Rupert misses you.
The nine-headed hydra bites you but does no damage.
You block the nine-headed hydra's attack.
The nine-headed hydra bites you.
* * * LOW HITPOINT WARNING * * *
The nine-headed hydra bites you.
* * * LOW HITPOINT WARNING * * *
The nine-headed hydra bites you but does no damage.
The nine-headed hydra closely misses you.
The nine-headed hydra completely misses you.
The nine-headed hydra bites you but does no damage. x2
A catoblepas comes into view.
The blink frog hits you!
* * * LOW HITPOINT WARNING * * *
The blink frog blinks!
You completely miss Rupert.
The catoblepas bellows!
You tail-slap Rupert!
Rupert is heavily wounded.
You chop one of the nine-headed hydra's heads off!
The eight-headed hydra grows two more!
You hit the ten-headed hydra. You barely miss the yak.
Rupert hits you with a +0 great sword of holy wrath.
You die...

...... ......#
.......##
........##
........P#
F......Y.##
#.....YD†P#
......†@..#
Y.....†.@.P#
............#
.............#
...............
..............#
..............P
...............


You could see Rupert (berserk), a catoblepas, a ten-headed hydra, 2 yaks and a
blink frog.

Vanquished Creatures
  Harold (D:9)
  A boulder beetle (Lair:3)
  Erolcha (D:9)
  Erica (D:9)
  Urug (Lair:3)
  Sonja (D:10)
  The ghost of hackon the Firebug, a novice OgFE (D:7)
  Pikel (D:9)
  A black mamba (Lair:3)
  6 elephants (Lair:2)
  8 cane toads
  8 komodo dragons
  3 polar bears (Lair:4)
  19 blink frogs
  A shadow (D:10)
  A wraith (D:10)
  2 wyverns
  The ghost of Labrn the Vexing, an amateur SpEn (D:5)
  32 yaks
  A basilisk (Lair:2)
  3 steam dragons
  2 fire bats (Lair:4)
  Menkaure (Ossuary)
  4 nagas (Lair:3)
  2 acid dragons
  10 water moccasins
  2 orc warriors
  An ice beast (D:5)
  A sky beast (D:7)
  3 ogres
  27 wolves
  3 centaurs
  5 phantoms
  2 lemures (D:9)
  A kobold brigand (D:8)
  20 bullfrogs
  5 gnoll sergeants
  2 scorpions
  8 wights (D:7)
  5 killer bees (D:8)
  3 howler monkeys
  2 electric eels
  A lava snake (Lair:4)
  3 gnoll boudas (D:7)
  Crazy Yiuf (D:2)
  A hound (D:7)
  2 orc priests
  2 jellies
  Jessica (D:3)
  Ijyb (D:3)
  Terence (D:2)
  2 iguanas
  4 orc wizards
  3 mummies (Ossuary)
  Robin (D:3)
  18 gnolls
  4 adders
  A shadow imp (D:7)
  A white imp (D:8)
  An ufetubus (D:5)
  A worm (D:2)
  2 dart slugs
  21 orcs
  3 endoplasms
  4 giant cockroaches
  2 gnoll zombies (Ossuary)
  9 goblins
  8 hobgoblins
  8 jackals
  6 quokkas
  11 ball pythons
  6 bats
  3 frilled lizards
  4 gnoll skeletons (Ossuary)
  7 goblin skeletons (Ossuary)
  3 goblin zombies (Ossuary)
  6 hobgoblin skeletons (Ossuary)
  6 hobgoblin zombies (Ossuary)
  15 kobolds
  3 kobold skeletons (Ossuary)
  3 kobold zombies
  An orc skeleton (Ossuary)
  7 orc zombies (Ossuary)
  25 rats
  4 rat skeletons (Ossuary)
  5 rat zombies (Ossuary)
424 creatures vanquished.

Vanquished Creatures (others)
  An acid dragon (D:10)
  6 fungi
  22 plants
29 creatures vanquished.

Grand Total: 453 creatures vanquished

Notes
Turn   | Place    | Note
-------+----------+-------------------------------------------
     0 | D:1      | Kinoniko the Demonspawn Berserker began the quest for the
                  | Orb.
     0 | D:1      | Reached XP level 1. HP: 18/18 MP: 1/1
   234 | D:1      | Reached skill level 3 in Axes
   430 | D:1      | Gained mutation: You regenerate magic rapidly. [demonic
                  | ancestry]
   430 | D:1      | Reached XP level 2. HP: 13/24 MP: 2/2
  1224 | D:1      | Gained mutation: When hurt, damage is shared between your
                  | health and your magic reserves. [demonic ancestry]
  1224 | D:1      | Reached XP level 3. HP: 29/29 MP: 3/3
  1437 | D:2      | Reached ** piety under Trog
  1440 | D:2      | Noticed Terence
  1445 | D:2      | Killed Terence
  1446 | D:2      | Reached skill level 4 in Axes
  1733 | D:2      | Found a faded altar of an unknown god.
  1777 | D:2      | Found a runed translucent door.
  1778 | D:2      | Noticed Crazy Yiuf
  1912 | D:2      | Found a shimmering blue altar of Sif Muna.
  1963 | D:2      | Reached XP level 4. HP: 35/35 MP: 4/4
  2397 | D:2      | Killed Crazy Yiuf
  2398 | D:2      | Reached skill level 5 in Axes
  2604 | D:3      | Noticed Ijyb
  2615 | D:3      | Killed Ijyb
  2616 | D:3      | Gained mutation: Your movements are slightly less
                  | encumbered by armour. (ER -2) [demonic ancestry]
  2616 | D:3      | Reached XP level 5. HP: 17/41 MP: 1/5
  3075 | D:3      | Reached *** piety under Trog
  3168 | D:3      | Noticed Robin
  3180 | D:3      | Killed Robin
  3313 | D:3      | Noticed Jessica
  3321 | D:3      | Killed Jessica
  3791 | D:4      | Reached skill level 6 in Axes
  3878 | D:4      | Found a staircase to the Ecumenical Temple.
  4110 | D:4      | Found a radiant altar of Vehumet.
  4115 | D:4      | Found a sand-covered staircase.
  4118 | D:4      | Found a stormy altar of Qazlal.
  4122 | Ossuary  | Entered an ossuary
  4315 | Ossuary  | Reached **** piety under Trog
  4332 | Ossuary  | Reached XP level 6. HP: 46/47 MP: 6/6
  4485 | Ossuary  | Noticed Menkaure
  4495 | Ossuary  | Killed Menkaure
  4506 | Ossuary  | Reached skill level 7 in Axes
  5029 | D:4      | Noticed a water moccasin
  5041 | D:4      | Killed a water moccasin
  5042 | D:4      | Gained mutation: You have a small tail. [demonic ancestry]
  5042 | D:4      | Reached XP level 7. HP: 52/52 MP: 7/7
  5130 | D:4      | Identified the +5 chain mail "Gemuffa" {-Cast rElec Will++
                  | Dex-5}
  5809 | D:5      | Entered Level 5 of the Dungeon
  6024 | D:5      | Reached skill level 8 in Axes
  6244 | D:5      | Found a burning altar of Makhleb.
  6481 | D:5      | Found a runed translucent door.
  6482 | D:5      | Noticed Labrn's ghost (amateur SpEn)
  6787 | D:5      | Killed Labrn's ghost
  6788 | D:5      | Reached skill level 9 in Axes
  6788 | D:5      | Reached XP level 8. HP: 58/58 MP: 8/8
  7026 | D:6      | Found a hide-covered altar of Uskayaw.
  7438 | D:6      | Found a shimmering altar of Xom.
  7571 | D:6      | Reached skill level 10 in Axes
  8189 | D:6      | You fall into a shaft and drop 2 floors!
  8243 | D:8      | Found a runed translucent door.
  8278 | D:7      | Reached skill level 11 in Axes
  8561 | D:7      | Reached XP level 9. HP: 63/63 MP: 7/9
  9457 | D:7      | Found the +3 woodcutter's axe {vorpal}
  9475 | D:7      | Reached skill level 12 in Axes
  9703 | D:7      | Reached skill level 1 in Shields
  9706 | D:7      | Noticed hackon's ghost (novice OgFE)
  9752 | D:7      | Found a runed translucent door.
  9879 | D:7      | Killed hackon's ghost
  9880 | D:7      | Reached skill level 5 in Fighting
 10102 | D:8      | Gained mutation: Your movements are less encumbered by
                  | armour. (ER -4) [demonic ancestry]
 10102 | D:8      | Reached XP level 10. HP: 74/74 MP: 10/10
 10224 | D:8      | Reached ***** piety under Trog
 10379 | D:8      | Found a basalt altar of Yredelemnul.
 10572 | D:9      | Noticed Harold
 10584 | D:9      | Killed Harold
 10585 | D:9      | Reached skill level 13 in Axes
 10625 | D:9      | Found Caseumofarph's Book Emporium.
 10764 | D:9      | Noticed Erolcha
 10770 | D:9      | Killed Erolcha
 11030 | D:9      | Noticed Erica
 11036 | D:9      | Killed Erica
 11192 | D:9      | Noticed Pikel
 11202 | D:9      | Killed Pikel
 11376 | D:9      | Reached XP level 11. HP: 87/87 MP: 11/11
 11491 | D:10     | Entered Level 10 of the Dungeon
 11548 | D:10     | Found a blossoming altar of Fedhas.
 11550 | D:10     | Found a hazy altar of Hepliaklqana.
 11551 | D:10     | Noticed Sonja
 11555 | D:10     | Killed Sonja
 11556 | D:10     | Reached skill level 14 in Axes
 11886 | D:10     | Found a staircase to the Lair.
 12415 | D:10     | Found a staircase to the Orcish Mines.
 12614 | Lair:1   | Entered Level 1 of the Lair of Beasts
 13255 | Lair:1   | Reached skill level 10 in Fighting
 13933 | Lair:1   | Reached skill level 15 in Axes
 14223 | Lair:2   | Reached XP level 12. HP: 99/99 MP: 10/12
 15595 | Lair:3   | Found a staircase to the Shoals.
 15726 | Lair:3   | Reached skill level 16 in Axes
 15735 | Lair:3   | Received a gift from Trog
 15739 | Lair:3   | Noticed a boulder beetle
 16018 | Lair:3   | Killed a boulder beetle
 16230 | Lair:3   | Found a staircase to the Snake Pit.
 16434 | Lair:3   | Noticed Urug
 16442 | Lair:3   | Killed Urug
 16898 | Lair:4   | Found a viscous altar of Jiyva.
 16901 | Lair:4   | Found a staircase to the Slime Pits.
 16955 | Lair:4   | Found a shimmering altar of Xom.
 17119 | Lair:4   | Gained mutation: You have a tail ending in a sharp stinger.
                  | [demonic ancestry]
 17119 | Lair:4   | Reached XP level 13. HP: 111/111 MP: 13/13
 18009 | Lair:5   | Entered Level 5 of the Lair of Beasts
 18014 | Lair:5   | Noticed Rupert
 18024 | Lair:5   | HP: 2/166 [blink frog (8)]
 18025 | Lair:5   | Slain by Rupert

Illustrated notes

Levels and vault maps discovered:
D:1:      scummos_arrival_checkerplants, layout_basic, nicolae_hexahallways,
          kennysheep_pointless_box, minmay_misc_feat_more_columns
D:2:      layout_loops_ring, chequers_ecumenical_altar_twisty, basic_altar,
          dk_noncrumbling_4, minmay_rat_hole, uniq_terence,
          uniq_crazy_yiuf_cottage
D:3:      layout_basic, item_on_display_a, uniq_ijyb, uniq_jessica, uniq_robin
D:4:      layout_loops_corners, general_overflow_altar,
          overflow_temple_1_default, lemuel_temple_firewalk_a,
          nicolae_ossuary_entry_monument
D:5:      layout_basic, lightli_temple_of_fire, gammafunk_ghost_grave
D:6:      layout_loops_corners, nicolae_overflow_crystal_walls,
          mainiacjoe_overflow_catwalk, corexii_checkpoint_a,
          nicolae_benzene_ring
D:7:      layout_gridville, hellmonk_ghost_happy_afterlife,
          minmay_misc_feat_iff, pf_guarded_unrand_woodcutter
D:8:      layout_basic, dk_yredelemnul_ordeal
D:9:      layout_long_grid, serial_shops, kennysheep_mini, uniq_harold,
          uniq_pikel, uniq_erolcha, uniq_erica
D:10:     layout_basic, grunt_temple_overflow_open, lair_entry_dummy,
          orc_0_dummy, minivault_14, st_stairs_7, uniq_sonja
Lair:1:   layout_cave_shapes, grunt_megastairs_1, serial_bayou_shore_b,
          lemuel_fruit_fields
Lair:2:   layout_long_grid, minivault_23, beast_lair_carwin_3
Lair:3:   layout_loops_ring, minmay_shoals_entry_centaurs,
          minmay_snake_entry_guardpost_medium, beast_lair_carwin_5,
          infiniplex_staircase_pool, lemuel_fruit_fields, uniq_urug
Lair:4:   layout_gridlike, dpeg_slime_entry_corner, basic_altar,
          serial_bayou_shore_a
Lair:5:   hellmonk_lair_end_abyssal_woods, layout_hall_layers,
          gammafunk_ghost_arena, minivault_19, grunt_megastairs_4,
          lemuel_fruit_fields, uniq_rupert

Skill      XL: |  1  2  3  4  5  6  7  8  9 10 11 12 |
---------------+-------------------------------------+-----
Axes           | 3 4 5 6 7 9 11 12 13 15 16 | 16.7
Shields        | 2 |  2.5
Fighting       | 5 8 10 13 | 13.5
Armour         | |  1.7
Dodging        | |  1.7

Action                   |  1- 3 |  4- 6 |  7- 9 | 10-12 | 13-15 || total
-------------------------+-------+-------+-------+-------+-------++-------
Melee: Hand axe          |   100 |   359 |   304 |       |       ||   763
       Punch             |       |     6 |     5 |       |       ||    11
       Tailslap          |       |       |    35 |    67 |     6 ||   108
       Battleaxe         |       |       |    43 |   460 |    43 ||   546
Invok: Berserk           |     2 |     6 |    16 |    15 |     1 ||    40
Evoke: Wand              |       |       |       |     3 |       ||     3
  Use: Scroll            |       |     8 |    10 |     3 |       ||    21
       Potion            |       |       |     1 |       |       ||     1
 Stab: Sleeping          |     2 |       |       |       |       ||     2
Armor: Animal skin       |     8 |       |       |       |       ||     8
       Chain mail        |    20 |   118 |   152 |   268 |    31 ||   589
Dodge: Dodged            |    59 |   179 |   153 |   393 |    47 ||   831
Block: Other             |       |       |    15 |   141 |    21 ||   177
       Reflection        |       |       |       |     4 |       ||     4

Table legend: (Time is in decaauts)
 A = Elapsed time spent in this place.
 B = Non-inter-level travel time spent in this place.
 C = Inter-level travel time spent in this place.
 D = Time resting spent in this place.
 E = Time spent auto-exploring this place.
 F = Levels seen in this place.
 G = Mean time per level.
                   A        B        C        D        E       F      G
               +--------+--------+--------+--------+--------+-----+--------+
         Total |  18393 |  17498 |    895 |   2174 |  12833 |  16 | 1149.6 |
       Dungeon |  12128 |  11317 |    811 |   1268 |   8499 |  10 | 1212.8 |
          Lair |   5517 |   5433 |     84 |    713 |   4085 |   5 | 1103.4 |
       Ossuary |    747 |    747 |      0 |    192 |    249 |   1 |  747.0 |
               +--------+--------+--------+--------+--------+-----+--------+

Top non-repeatable levels by time:
     D:7: 1654 daAuts
  Lair:2: 1605 daAuts
     D:6: 1559 daAuts
  Lair:1: 1535 daAuts
     D:1: 1453 daAuts
     D:4: 1416 daAuts
  Lair:3: 1234 daAuts
     D:2: 1187 daAuts
    D:10: 1145 daAuts
  Lair:4: 1126 daAuts
     D:3: 1098 daAuts
     D:5: 1093 daAuts
     D:9: 996 daAuts
 Ossuary: 747 daAuts
     D:8: 523 daAuts
